 Dungeon Crawl Stone Soup version 0.25.0-15-gac7dcb8919 (console) character file.

Game seed: 12502115654422043713

237218 Kagalorn the Severer (level 18, -2/171 HPs)
             Began as a Minotaur Gladiator on June 29, 2020.
             Was an Initiate of Gozag.
             Killed from afar by a blizzard demon (23 damage)
             ... with a bolt of lightning
             ... summoned by Asterion
             ... on level 4 of the Snake Pit.
             The game lasted 01:11:28 (41503 turns).

Kagalorn the Severer (Minotaur Gladiator)          Turns: 41503, Time: 01:11:29

Health: -2/171     AC: 25    Str: 22    XL:     18   Next: 96%
Magic:  23/23      EV: 21    Int:  9    God:    Gozag
Gold:   7940       SH:  0    Dex: 15    Spells: 17/17 levels left

rFire    . . .     SeeInvis +   a - +3 battleaxe (elec)
rCold    . . .     Gourm    .   (shield currently unavailable)
rNeg     . . .     Faith    .   F - +1 scale mail {rPois}
rPois    +         Spirit   .   q - +1 hat
rElec    .         Reflect  .   z - +1 cloak
rCorr    .         Harm     .   H - +0 pair of gloves
MR       +....                  X - +2 pair of boots "Ohagorgh" {Dex+2}
Stlth    ..........             B - amulet of the acrobat
HPRegen  0.38/turn              s - +4 ring of protection
MPRegen  0.18/turn              t - ring of see invisible

@: mighty, brilliant, lethally poisoned (-2 -> -11), gold aura, flying, hasted,
very quick
A: retaliatory headbutt, horns 2
}: 1/15 runes: decaying
a: Potion Petition, Call Merchant, Bribe Branch, Renounce Religion


You were on level 4 of the Snake Pit.
You worshipped Gozag.
Gozag was greatly pleased with you.
You were not hungry.

You visited 6 branches of the dungeon, and saw 32 of its levels.
You also visited: Sewer.

You collected 12167 gold pieces.
You spent 1529 gold pieces at shops.
You paid 2698 gold pieces to Gozag.

Inventory:

Hand Weapons
 a - a +3 battleaxe of electrocution (weapon)
 b - the +8 hand crossbow "Ukheanar" {flame, rC+++ Int+3}
   (You found it on level 9 of the Dungeon)

   It causes projectiles fired from it to burn those they strike, causing extra
   injury to most foes and up to half again as much damage against particularly
   susceptible opponents.
   It affects your intelligence (+3).
   It renders you almost immune to cold.
 w - a +2 morningstar
Missiles
 d - 3 throwing nets (quivered)
 h - 7 javelins
 k - 213 bolts
 v - 576 arrows
 W - 11 silver javelins
Armour
 q - a +1 hat (worn)
 z - a +1 cloak (worn)
 F - a +1 scale mail of poison resistance (worn)
 H - a +0 pair of gloves (worn)
 X - the +2 pair of boots "Ohagorgh" (worn) {Dex+2}
   (You found it on level 6 of the Lair of Beasts)

   It affects your dexterity (+2).
 Y - the +0 chain mail "Duah" {MR+ Str+5}
   (You found it on level 5 of the Lair of Beasts)

   It affects your strength (+5).
   It affects your resistance to hostile enchantments.
Jewellery
 g - an uncursed ring of fire
 s - a +4 ring of protection (left hand)
 t - a ring of see invisible (right hand)
 y - an uncursed ring of ice
 B - an amulet of the acrobat (around neck)
 V - an uncursed ring of positive energy
Wands
 C - a wand of flame (62)
 J - a wand of paralysis (17)
 M - a wand of acid (31)
 S - a wand of polymorph (6)
Scrolls
 e - 4 scrolls of magic mapping
 i - 5 scrolls of fog
 m - a scroll of summoning
 n - 8 scrolls of blinking
 p - 7 scrolls of fear
 r - 16 scrolls of remove curse
 x - 11 scrolls of enchant armour
 E - 13 scrolls of teleportation
 K - a scroll of acquirement
 O - a scroll of vulnerability
 P - a scroll of silence
 T - 6 scrolls of enchant weapon
Potions
 c - 3 potions of resistance
 j - 5 potions of haste
 l - 7 potions of mutation
 o - 7 potions of brilliance
 u - 6 potions of might
 A - 4 potions of cancellation
 D - 6 potions of heal wounds
 G - 8 potions of flight
 I - 4 potions of magic
 L - 2 potions of berserk rage
 N - a potion of invisibility
 Q - 11 potions of curing
 Z - 3 potions of lignification
Miscellaneous
 U - 5 boxes of beasts
Comestibles
 f - 18 rations


   Skills:
 + Level 17.7 Fighting
 - Level 20.0 Axes
 - Level 2.0 Throwing
 + Level 17.6 Armour
 + Level 16.7 Dodging
 + Level 9.2 Evocations


You had 17 spell levels left.
You didn't know any spells.
Your spell library contained the following spells:

 Spells                   Type           Power        Failure   Level  Hunger
 Apportation              Tloc           #.....       58%         1    None
 Beastly Appendage        Tmut           #.....       58%         1    None
 Corona                   Hex            #......      58%         1    None
 Summon Butterflies       Summ           #.......     58%         1    None
 Slow                     Hex            #.......     75%         2    None
 Sticks to Snakes         Tmut           #.......     75%         2    None
 Confusing Touch          Hex            #.......     92%         3    None
 Gell's Gravitas          Tloc           #.........   92%         3    None
 Inner Flame              Hex/Fire       #.......     92%         3    None
 Lesser Beckoning         Tloc           #.........   92%         3    None
 Portal Projectile        Hex/Tloc       #.....       92%         3    None
 Recall                   Summ/Tloc      N/A          92%         3    None
 Spider Form              Tmut/Pois      #.........   92%         3    None
 Tukima's Dance           Hex            #.......     92%         3    None
 Cause Fear               Hex            #.........   100%        4    None
 Ice Form                 Ice/Tmut       #.......     100%        4    None
 Leda's Liquefaction      Hex/Erth       #.........   100%        4    None
 Petrify                  Tmut/Erth      #.......     100%        4    None
 Summon Lightning Spire   Summ/Air       #.......     100%        4    None
 Alistair's Intoxication  Tmut/Pois      #.......     100%        5    None
 Aura of Abjuration       Summ           #.........   100%        5    None
 Blade Hands              Tmut           #.........   100%        5    None
 Bolt of Magma            Conj/Fire/Erth #.........   100%        5    None
 Iskenderun's Battlesphe  Conj/Chrm      #.......     100%        5    None
 Metabolic Englaciation   Hex/Ice        #.........   100%        5    None
 Silence                  Hex/Air        #.........   100%        5    None
 Summon Demon             Summ           #.........   100%        5    None
 Summon Forest            Summ/Tloc      #.........   100%        5    None
 Summon Mana Viper        Hex/Summ       #.......     100%        5    None
 Yara's Violent Unravell  Hex/Tmut       #.........   100%        5    None
 Conjure Ball Lightning   Conj/Air       #.........   100%        6    None
 Invisibility             Hex            #.......     100%        6    None
 Iron Shot                Conj/Erth      #.........   100%        6    None
 Shadow Creatures         Summ           N/A          100%        6    None
 Orb of Destruction       Conj           #.........   100%        7    None
 Spellforged Servitor     Conj/Summ      #.........   100%        7    None
 Discord                  Hex            #.........   100%        8    None
 Tornado                  Air            #.........   100%        9    None


Dungeon Overview and Level Annotations

Branches:
Dungeon (15/15)            Temple (1/1) D:5            Lair (6/6) D:11
  Swamp (4/4) Lair:4        Snake (4/4) Lair:4        Slime (0/5) Lair:6
    Orc (2/2) D:10            Elf (0/3) Orc:2        Vaults (0/5) D:14
 Depths (0/5) D:15          Sewer (visited)

Altars:
Ashenzari
Cheibriados
Dithmenos
Elyvilon
Fedhas
Gozag
Hepliaklqana
Kikubaaqudgha
Makhleb
Nemelex Xobeh
Okawaru
Qazlal
Ru
Sif Muna
Trog
Uskayaw
Vehumet
Wu Jian
Xom
Yredelemnul
Zin
The Shining One
Beogh
Jiyva

Shops:
D:6 =   D:7 *   Orc:2 [(?   Snake:1 *

Portals:
Trove: D:11 (give 2 scrolls of acquirement)

Annotations:
D:5 2 transporters
D:11 2 transporters
Lair:6 1 runed translucent door
Swamp:1 Roxanne
Snake:1 2 transporters
Snake:4 Asterion


Innate Abilities, Weirdness & Mutations

You reflexively headbutt those who attack you in melee.
You have a pair of horns on your head.


Message History

You headbutt the blizzard demon! The blizzard demon barely misses you.
Asterion hits you with a +2 demon blade of venom!!
* * * LOW HITPOINT WARNING * * *
You are more poisoned.
Asterion closely misses you.
You slice Asterion!!
Asterion is severely wounded.
You slice the naga!!
You kill the naga!
You slice the blizzard demon!!
Unknown command.
Asterion blocks your attack.
You headbutt Asterion.
Asterion is severely wounded.
You hit the blizzard demon.
You feel sick. The blizzard demon gestures at you.
The bolt of lightning hits you!!
* * * LOW HITPOINT WARNING * * *
The bolt of lightning hits you!!
You die...
Your body crumbles into a pile of gold.

#...... #......
#. ....... ##.
.......#####...
........#.....#
.....!.N....#
#......<...#
........$$##
........2@#
........H$#
.........##
.........#
......(.##
.......## ...##
..#


You could see Asterion, a blizzard demon (summoned) and a salamander.

Vanquished Creatures
  Bai Suzhen (Swamp:3)
  Saint Roka (Orc:1)
  Jorgrun (Orc:2)
  A tentacled monstrosity (Swamp:3)
  A thorn hunter (Swamp:3)
  Donald (Swamp:1)
  Kirke (D:12)
  4 nagarajas
  Aizul (Snake:4)
  An ironheart preserver (D:14)
  2 vampire knights (D:13)
  A quicksilver dragon zombie (D:15)
  A rakshasa (D:12)
  22 hydras
  8 naga warriors
  2 shambling mangroves (Swamp:4)
  2 catoblepae
  3 two-headed ogres
  A death knight (D:15)
  11 alligators
  8 anacondas
  2 tengu warriors
  3 death yaks
  7 orc high priests (Orc:2)
  A spriggan berserker (Swamp:4)
  5 shock serpents
  10 naga sharpshooters
  Nergalle (D:10)
  Urug (D:12)
  5 spriggans
  2 salamander mystics
  5 unseen horrors
  10 swamp dragons
  A flayed ghost (D:15)
  2 spriggan druids (Swamp:3)
  2 wizards (D:15)
  3 naga ritualists
  A phantasmal warrior (D:15)
  A necromancer (D:15)
  A harpy (shapeshifter) (D:15)
  8 mana vipers
  An orc knight (D:15)
  11 ugly things
  A mana viper (shapeshifter) (D:14)
  2 manticores
  3 deep elf magi
  A wolf spider (D:15)
  9 salamanders
  2 moths of wrath
  5 cyclopes
  Maurice (D:13)
  5 guardian serpents
  4 elephants
  27 black mambas
  A guardian serpent (shapeshifter) (D:13)
  13 naga magi
  32 spiny frogs
  2 gargoyles (D:12)
  An elf zombie (D:15)
  4 rime drakes
  A redback zombie (D:15)
  2 kobold demonologists
  2 freezing wraiths (D:15)
  8 komodo dragons
  A yaktaur (D:15)
  An efreet (D:14)
  2 guardian mummies (D:15)
  A polar bear (Lair:6)
  9 trolls
  4 hornets
  A merfolk (D:10)
  21 tyrant leeches
  Prince Ribbit (D:6)
  24 slime creatures
  5 dream sheep (Lair:4)
  9 bog bodies
  Grinder (D:4)
  21 blink frogs
  A spriggan skeleton (D:15)
  13 hippogriffs
  An ettin skeleton (D:15)
  5 shadows
  3 wraiths
  Eustachio (D:5)
  2 vampires (D:13)
  33 yaks
  Sigmund (D:3)
  5 basilisks
  5 wyverns
  3 hogs (D:12)
  4 hungry ghosts
  A steam dragon (Lair:4)
  33 vampire mosquitoes
  17 swamp worms
  Menkaure (D:5)
  39 nagas
  7 wargs
  6 insubstantial wisps (Swamp:4)
  3 acid dragons
  17 water moccasins
  Duvessa (D:5)
  14 orc warriors
  18 swamp drakes
  4 porcupines
  3 sky beasts
  3 ice beasts
  A black bear (D:9)
  A necrophage (D:9)
  12 ogres
  A boggart (D:14)
  4 phantoms
  5 wolves
  2 eyes of draining
  5 centaurs
  9 crocodiles
  Blork the orc (D:4)
  A big kobold (D:13)
  23 bullfrogs
  A gnoll sergeant (D:10)
  A wyvern zombie (D:12)
  Dowan (D:5)
  6 scorpions
  13 killer bees
  14 wights
  2 electric eels
  2 howler monkeys (D:7)
  3 lava snakes (Snake:1)
  13 crimson imps
  A bullfrog zombie (D:9)
  4 centaur zombies
  4 hounds
  7 jellies
  38 orc priests
  7 centaur skeletons
  2 bullfrog skeletons
  4 worker ants
  7 iguanas
  A merfolk siren (Sewer)
  28 orc wizards
  A merfolk avatar (Sewer)
  A hound zombie (D:7)
  A hound skeleton (D:5)
  A howler monkey zombie (D:7)
  18 gnolls
  22 adders
  4 river rats (Sewer)
  3 shadow imps
  2 oozes (D:3)
  An adder zombie (D:9)
  2 adder skeletons
  4 worms
  4 dart slugs
  5 leopard geckos
  93 orcs
  6 bats
  7 giant cockroaches
  8 goblins
  5 hobgoblins
  7 jackals (D:1)
  15 kobolds
  5 quokkas
  9 ball pythons
  9 frilled lizards
  A leopard gecko skeleton (D:4)
  A quokka skeleton (D:5)
  A quokka zombie (D:8)
  30 rats
  A butterfly (Lair:2)
  9 fungi
  2 plants
1130 creatures vanquished.

Vanquished Creatures (others)
  A swamp dragon (Swamp:3)
  A human (D:12)
  A swamp worm (Swamp:4)
  A water moccasin (Lair:1)
  2 orcs (D:12)
  2 bushes (D:14)
  21 fungi
  67 plants
96 creatures vanquished.

Grand Total: 1226 creatures vanquished

Notes
Turn   | Place    | Note
-------+----------+-------------------------------------------
     0 | D:1      | Kagalorn the Minotaur Gladiator began the quest for the
                  | Orb.
     0 | D:1      | Reached XP level 1. HP: 18/18 MP: 0/0
    54 | D:1      | Reached XP level 2. HP: 17/25 MP: 1/1
    56 | D:1      | Reached skill level 4 in Axes
   228 | D:1      | Reached skill level 1 in Armour
   634 | D:1      | Reached XP level 3. HP: 27/30 MP: 2/2
   929 | D:2      | Found a bloodstained altar of Trog.
  1665 | D:3      | Reached XP level 4. HP: 34/38 MP: 3/3
  1737 | D:3      | Found a radiant altar of Vehumet.
  1747 | D:3      | Noticed Sigmund
  1750 | D:3      | Reached skill level 5 in Axes
  1919 | D:3      | Found a burning altar of Makhleb.
  2121 | D:3      | Reached XP level 5. HP: 45/45 MP: 4/4
  2335 | D:4      | Noticed Blork the orc
  2356 | D:4      | Killed Blork the orc
  2356 | D:4      | Reached skill level 6 in Axes
  2356 | D:4      | Reached XP level 6. HP: 30/52 MP: 5/5
  2830 | D:4      | Found a sacrificial altar of Ru.
  2978 | D:4      | Noticed Grinder
  2993 | D:4      | Killed Grinder
  2993 | D:4      | Reached XP level 7. HP: 38/60 MP: 6/6
  2998 | D:4      | Reached skill level 5 in Dodging
  3122 | D:4      | Reached skill level 7 in Axes
  3288 | D:5      | Entered Level 5 of the Dungeon
  3302 | D:5      | Reached skill level 5 in Fighting
  3321 | D:5      | Found a staircase to the Ecumenical Temple.
  3352 | Temple   | Entered the Ecumenical Temple
  3419 | Temple   | Became a worshipper of Gozag Ym Sagoz the Greedy
  3443 | D:5      | Noticed Menkaure
  3458 | D:5      | Killed Menkaure
  3523 | D:5      | Noticed Eustachio
  3541 | D:5      | Killed Eustachio
  3541 | D:5      | Reached skill level 8 in Axes
  3541 | D:5      | Reached XP level 8. HP: 69/69 MP: 7/7
  3556 | D:5      | Found a snail-covered altar of Cheibriados.
  3584 | D:5      | Found a sparkling altar of Nemelex Xobeh.
  3596 | D:5      | Found a transporter.
  3596 | D:5      | Noticed a five-headed hydra
  3600 | D:5      | Found a transporter.
  3600 | D:5      | Found a blossoming altar of Fedhas.
  3623 | D:5      | Reached skill level 5 in Armour
  3800 | D:5      | Found a shadowy altar of Dithmenos.
  3813 | D:5      | Noticed Dowan
  3814 | D:5      | Noticed Duvessa
  3830 | D:5      | Killed Dowan
  3834 | D:5      | Killed Duvessa
  3990 | D:5      | Found a glowing golden altar of the Shining One.
  4276 | D:3      | Found an iron altar of Okawaru.
  4373 | D:3      | Killed Sigmund
  4373 | D:3      | Reached skill level 9 in Axes
  4496 | D:6      | Noticed Prince Ribbit
  4567 | D:6      | Killed Prince Ribbit
  4567 | D:6      | Reached XP level 9. HP: 38/78 MP: 8/8
  4664 | D:6      | Found Burhycel's Jewellery Boutique.
  4697 | D:6      | Reached skill level 10 in Axes
  4804 | D:6      | Found a glowing drain.
  4837 | Sewer    | Entered a sewer
  5762 | D:7      | Found Zin's Purification Station.
  5766 | D:7      | Found a glowing silver altar of Zin.
  5953 | D:7      | Found a white marble altar of Elyvilon.
  6038 | D:7      | Found an opulent altar of Gozag.
  6111 | D:7      | Found a stormy altar of Qazlal.
  6395 | D:8      | Reached skill level 11 in Axes
  7222 | D:9      | Reached XP level 10. HP: 88/88 MP: 9/9
  7543 | D:9      | Found a shimmering blue altar of Sif Muna.
  7743 | D:9      | Noticed a smoke demon
  7799 | D:9      | Noticed a cyclops
  7811 | D:9      | Killed a cyclops
  7812 | D:9      | Noticed a catoblepas
  7837 | D:9      | Killed a catoblepas
  7837 | D:9      | Reached skill level 12 in Axes
  7977 | D:9      | Noticed a two-headed ogre
  8515 | D:9      | Got a crystal hand crossbow
  8529 | D:9      | Got a masterwork dagger
  8772 | D:9      | Killed a two-headed ogre
  8967 | D:9      | Noticed a two-headed ogre
  8973 | D:9      | Killed a two-headed ogre
  8973 | D:9      | Reached skill level 13 in Axes
  8973 | D:9      | Reached XP level 11. HP: 56/97 MP: 10/10
  9298 | D:9      | Identified the +8 hand crossbow "Ukheanar" {flame, rC+++
                  | Int+3} (You found it on level 9 of the Dungeon)
  9311 | D:10     | Entered Level 10 of the Dungeon
  9419 | D:10     | Noticed a deep elf mage
  9442 | D:10     | Killed a deep elf mage
  9860 | D:10     | Killed an unseen horror
  9878 | D:10     | Noticed Nergalle
  9894 | D:10     | Killed Nergalle
  9943 | D:10     | Reached skill level 10 in Fighting
 10154 | D:10     | Found a staircase to the Orcish Mines.
 10424 | D:11     | Found a transporter.
 10446 | D:11     | Found a transporter.
 10461 | D:11     | Found a staircase to the Lair.
 10472 | D:11     | Reached skill level 14 in Axes
 10475 | D:11     | Reached skill level 10 in Armour
 10593 | D:11     | Reached skill level 10 in Dodging
 10645 | D:11     | Noticed a seven-headed hydra
 10798 | D:11     | Killed an unseen horror
 10871 | D:11     | Found a portal to a secret trove of treasure.
 11406 | D:11     | Killed a seven-headed hydra
 11406 | D:11     | Reached skill level 15 in Axes
 11883 | D:11     | Reached XP level 12. HP: 102/106 MP: 11/11
 12042 | D:12     | Noticed a rakshasa
 12059 | D:12     | Killed a rakshasa
 12170 | D:12     | Reached skill level 16 in Axes
 12206 | D:12     | Found a shadowy altar of Dithmenos.
 12557 | D:12     | Noticed Kirke
 12559 | D:12     | Reached skill level 17 in Axes
 12642 | D:12     | Killed Kirke
 13010 | D:12     | Noticed Urug
 13021 | D:12     | Killed Urug
 13311 | D:12     | Reached skill level 18 in Axes
 13616 | D:13     | Noticed a vampire knight
 13654 | D:13     | Noticed a tengu warrior
 13677 | D:12     | Killed a tengu warrior
 13975 | Lair:1   | Entered Level 1 of the Lair of Beasts
 14138 | Lair:1   | Noticed a five-headed hydra
 14160 | Lair:1   | Killed a five-headed hydra
 14810 | Lair:1   | Reached XP level 13. HP: 113/113 MP: 12/12
 15055 | Lair:2   | Reached skill level 19 in Axes
 16958 | Lair:4   | Found a staircase to the Swamp.
 16978 | Lair:4   | Reached skill level 20 in Axes
 17848 | Lair:4   | Found a staircase to the Snake Pit.
 18616 | Lair:5   | Got a distressingly furry chain mail
 19049 | Lair:6   | Entered Level 6 of the Lair of Beasts
 19695 | Lair:6   | Reached XP level 14. HP: 102/124 MP: 13/13
 20224 | Lair:6   | Found a viscous altar of Jiyva.
 20225 | Lair:6   | Found a runed translucent door.
 20225 | Lair:6   | Noticed an acid blob
 20226 | Lair:6   | Noticed an acid blob
 20226 | Lair:6   | Noticed an acid blob
 20227 | Lair:6   | Found a staircase to the Slime Pits.
 20775 | Lair:6   | Identified the cursed +0 chain mail "Duah" {MR+ Str+5} (You
                  | found it on level 5 of the Lair of Beasts)
 20804 | Lair:6   | Got a pair of transparent boots
 20815 | Lair:6   | Identified the +2 pair of boots "Ohagorgh" {Dex+2} (You
                  | found it on level 6 of the Lair of Beasts)
 21510 | Orc:1    | Entered Level 1 of the Orcish Mines
 22102 | Orc:2    | Entered Level 2 of the Orcish Mines
 22134 | Orc:2    | Found a staircase to the Elven Halls.
 22200 | Orc:2    | Noticed Saint Roka
 22428 | Orc:1    | Killed Saint Roka
 23398 | Orc:2    | Noticed Jorgrun
 23410 | Orc:2    | Killed Jorgrun
 23755 | Orc:2    | Found Leetuho's Food Shoppe.
 23755 | Orc:2    | Found Vacom's Magic Scroll Shop.
 23778 | Orc:2    | Bought a ration for 50 gold pieces
 23778 | Orc:2    | Bought a ration for 50 gold pieces
 23778 | Orc:2    | Bought a ration for 50 gold pieces
 23778 | Orc:2    | Bought a ration for 50 gold pieces
 23778 | Orc:2    | Bought a ration for 50 gold pieces
 23778 | Orc:2    | Bought a ration for 50 gold pieces
 23778 | Orc:2    | Bought a ration for 50 gold pieces
 23778 | Orc:2    | Bought a ration for 50 gold pieces
 23778 | Orc:2    | Bought a ration for 50 gold pieces
 23778 | Orc:2    | Bought a ration for 50 gold pieces
 23778 | Orc:2    | Bought a ration for 50 gold pieces
 23787 | Orc:2    | Bought a scroll of identify for 28 gold pieces
 23787 | Orc:2    | Bought a scroll of identify for 28 gold pieces
 23787 | Orc:2    | Bought a scroll of identify for 28 gold pieces
 23787 | Orc:2    | Bought a scroll of fear for 49 gold pieces
 23787 | Orc:2    | Bought a scroll of enchant weapon for 105 gold pieces
 23787 | Orc:2    | Bought a scroll of identify for 28 gold pieces
 23787 | Orc:2    | Bought a scroll of summoning for 133 gold pieces
 23787 | Orc:2    | Bought a scroll of teleportation for 42 gold pieces
 23787 | Orc:2    | Bought a scroll of identify for 28 gold pieces
 23787 | Orc:2    | Bought a scroll of identify for 28 gold pieces
 23787 | Orc:2    | Bought a scroll of enchant armour for 105 gold pieces
 23796 | Orc:2    | Identified a scroll of acquirement
 23908 | Orc:2    | Found a roughly hewn altar of Beogh.
 23932 | Orc:2    | Found Zerha's Weapon Shoppe.
 23932 | Orc:2    | Found Poraycsi's Antique Armour Shop.
 23975 | Orc:2    | Bought a glowing hat for 175 gold pieces
 24233 | D:13     | Reached XP level 15. HP: 132/136 MP: 2/14
 24386 | D:13     | Noticed Sonja
 24388 | D:13     | Noticed Sonja
 24388 | D:13     | Sonja changed into Sonja the moth of wrath
 24397 | D:13     | Killed Sonja the moth of wrath
 24694 | D:13     | Noticed Maurice
 24705 | D:13     | Killed Maurice
 24954 | D:13     | Found the +12 Vampire's Tooth {vamp}
 25373 | D:14     | Found a gate to the Vaults.
 25524 | D:14     | Found a blossoming altar of Fedhas.
 26140 | D:15     | Entered Level 15 of the Dungeon
 26155 | D:15     | Found a staircase to the Depths.
 27297 | D:15     | Reached skill level 15 in Fighting
 27616 | Swamp:1  | Entered Level 1 of the Swamp
 27638 | Swamp:1  | Reached skill level 15 in Armour
 28728 | Swamp:1  | Reached XP level 16. HP: 147/149 MP: 15/15
 29086 | Swamp:1  | Identified Roxanne's Tome of Transformation
 29086 | Swamp:1  | Noticed Roxanne
 29131 | Swamp:1  | Reached skill level 1 in Evocations
 30234 | Swamp:2  | Noticed Donald
 30275 | Swamp:1  | Killed Donald
 30748 | Swamp:2  | You fall into a shaft and drop 1 floor!
 30766 | Swamp:3  | Reached skill level 15 in Dodging
 30768 | Swamp:3  | HP: 5/150 [alligator (20)]
 32906 | Swamp:3  | Noticed a tentacled monstrosity
 32917 | Swamp:3  | Killed a tentacled monstrosity
 33174 | Swamp:4  | Entered Level 4 of the Swamp
 33214 | Swamp:4  | Noticed Bai Suzhen
 33813 | Swamp:3  | Killed Bai Suzhen
 33872 | Swamp:4  | Noticed a thorn hunter
 33893 | Swamp:3  | Killed a thorn hunter
 34388 | Swamp:4  | Reached skill level 5 in Evocations
 35224 | Swamp:4  | Reached XP level 17. HP: 159/159 MP: 20/20
 35811 | Swamp:4  | Got a decaying rune of Zot
 36116 | Snake:1  | Entered Level 1 of the Snake Pit
 37793 | Snake:1  | Found a transporter.
 37809 | Snake:1  | Reached XP level 18. HP: 169/169 MP: 20/23
 37977 | Snake:1  | Found a transporter.
 37985 | Snake:1  | Found Cypleak's General Store.
 37998 | Snake:1  | Bought a scroll of fear for 52 gold pieces
 37998 | Snake:1  | Bought a potion of haste for 150 gold pieces
 41368 | Snake:3  | Found a shimmering blue altar of Sif Muna.
 41413 | Snake:4  | Entered Level 4 of the Snake Pit
 41413 | Snake:4  | Noticed Aizul
 41484 | Snake:4  | Noticed Asterion
 41500 | Snake:4  | Killed Aizul
 41503 | Snake:4  | Killed from afar by a blizzard demon

Illustrated notes

Levels and vault maps discovered:
D:1:      lightli_arrival_statuegarden, layout_basic
D:2:      layout_loops_ring, lemuel_crystal_altar, first_ration
D:3:      layout_rooms, nicolae_overflow_crystal_walls,
          overflow_temple_1_default, lemuel_coloured_pillars_altar,
          minivault_11, uniq_sigmund
D:4:      minmay_wonky_spiral, layout_rooms, nicolae_ru_sacrificial_ziggurat,
          uniq_blork_the_orc, uniq_grinder
D:5:      layout_cave_pools, lemuel_crystal_altar, old_standard_altar,
          gammafunk_temple_overflow_arena, nemelex_xobeh_ov_fountains_minmay,
          minmay_temple_entry_mist, basic_altar, st_stairs_13, uniq_eustachio,
          uniq_duvessa, uniq_menkaure
D:6:      layout_cave_pools, gup_sewer_entry_glass, serial_shops,
          nicolae_shop_crystal, uniq_prince_ribbit1
D:7:      layout_loops_ring, elyvilon_altar_3, zin_purify, kennysheep_mini,
          nicolae_gozag_cash_rules_everything_around_me
D:8:      layout_loops_ring
D:9:      minmay_the_grid_octo_triangle [minmay_the_grid_octo_horde,
          minmay_the_grid_octo_prize_single_spiral,
          minmay_the_grid_octo_fat_diamond], layout_long_grid, marbit_many_paths
D:10:     layout_loops_ring, david_orc_1_choice, hangedman_stone_soup,
          uniq_nergalle
D:11:     gammafunk_jiyva_shrine, layout_rooms, david_lair_generic,
          nicolae_trove_entry_diagonal, kennysheep_generic_room_16
D:12:     layout_stronghold, nicolae_dithmenos_shadow_blocks, uniq_kirke,
          uniq_urug
D:13:     layout_big_octagon, minmay_guarded_unrand_vampires_tooth, uniq_sonja,
          uniq_maurice
D:14:     layout_roguey, skrybe_vaults_entry_preservation, serial_curves,
          eino_curves_03, eino_curves_01, chequers_serial_rivers_small_3,
          fedhas_bush_and_centaur_altar
D:15:     gammafunk_depths_entry_grave, layout_loops_ring, serial_park_square3
          [serial_park_minivault_5x5_5]
Temple:   eino_wide_crystal_templ
Lair:1:   layout_regular_city, beast_lair_carwin_3, infiniplex_staircase_pool
Lair:2:   layout_chaotic_city, cheibrodos_lair_reptile_den, grunt_megastairs_3,
          infiniplex_staircase_pool_2, lemuel_fruit_fields, lemuel_fruit_fields
Lair:3:   layout_loops_ring, grunt_megastairs_1, serial_bayou_shore_b
Lair:4:   layout_regular_city, swamp_mist, minmay_snake_entry_spellcaster
Lair:5:   layout_small_grid, minivault_23
Lair:6:   minmay_lair_end_frog_pond, layout_gridlike, slime_altar_2
Swamp:1:  layout_falls_marsh, nicolae_swamp_little_tower, swamp_pool5,
          ldierk_geyser, worms_lemuel, uniq_roxanne
Swamp:2:  layout_basic_swamp, evilmike_swamp_ruin_house_6, uniq_donald
Swamp:3:  layout_basic_swamp, evilmike_swamp_ruin_house_5
Swamp:4:  swamp_basic_johnstein, layout_basic_swamp, uniq_bai_suzhen
Snake:1:  gammafunk_its_a_trap, layout_cave_shapes, serial_shops, shop,
          st_stairs_12, nicolae_snake_lava_pool
Snake:2:  layout_honeycomb, grunt_ministairs_3
Snake:3:  layout_misc_corridors, basic_altar
Snake:4:  grunt_snake_rune_spirals, layout_onion, serial_bayou_shore_b,
          minmay_shop_grove, uniq_asterion, uniq_aizul
Orc:1:    layout_caves
Orc:2:    st_orc_town, layout_diamond_mine, uniq_jorgrun, uniq_saint_roka,
          uniq_rupert

Skill      XL: |  1  2  3  4  5  6  7  8  9 10 11 12 13 14 15 16 17 18 |
---------------+-------------------------------------------------------+-----
Axes           | 4 5 6 8 9 11 13 15 18 20 | 20.0
Armour         | 1 2 3 4 6 7 9 10 11 13 15 16 17 | 17.6
Fighting       | 3 4 5 6 8 9 10 11 13 15 16 17 | 17.7
Dodging        | 4 5 6 7 9 10 11 13 14 15 16 | 16.7
Evocations     | 5 8 9 |  9.2
Throwing       | |  2.0

Action                   |  1- 3 |  4- 6 |  7- 9 | 10-12 | 13-15 | 16-18 || total
-------------------------+-------+-------+-------+-------+-------+-------++-------
Melee: War axe           |    77 |    80 |   377 |   143 |       |       ||   677
       Headbutt          |     7 |    13 |    67 |   113 |   209 |   198 ||   607
       Battleaxe         |       |       |       |   382 |  1009 |   835 ||  2226
       Mace              |       |       |       |    12 |    19 |       ||    31
       Morningstar       |       |       |       |       |     6 |    95 ||   101
 Fire: Hand crossbow     |       |       |       |     8 |    14 |     2 ||    24
Invok: Potion Petition   |       |       |       |     1 |     1 |     5 ||     7
Evoke: Wand              |       |       |     1 |     1 |     3 |     3 ||     8
  Use: Scroll            |       |     7 |     4 |     4 |    13 |     9 ||    37
       Potion            |       |       |       |     1 |       |     4 ||     5
 Stab: Sleeping          |     1 |     1 |       |       |       |       ||     2
       Distracted        |       |       |     1 |     2 |     6 |     8 ||    17
  Eat: Chunk             |     2 |     4 |     2 |       |       |       ||     8
       Ration            |       |       |     4 |     8 |    13 |    12 ||    37
Armor: Leather armour    |    24 |    14 |       |       |       |       ||    38
       Chain mail        |       |    11 |    51 |       |   158 |       ||   220
       Scale mail        |       |       |   103 |   219 |   145 |   456 ||   923
       Skin              |       |       |       |       |     2 |       ||     2
Dodge: Dodged            |    56 |    56 |   247 |   417 |   637 |  1146 ||  2559
